 Dungeon Crawl Stone Soup version 0.31-a0-237-g2d982f9f85 (webtiles) character file.

Game seed: 17726402119265351194

38427 Vomitron the Fencer (level 13, -7/122 HPs)
             Began as a Minotaur Monk on July 12, 2023.
             Was an Elder of Wu Jian.
             Mangled by a slime creature simulacrum (27 damage)
             ... in an ice cave.
             The game lasted 00:33:03 (16635 turns).

Vomitron the Fencer (Minotaur Monk)                Turns: 16635, Time: 00:33:04

Health: -7/122     AC: 15    Str: 18    XL:     13   Next: 63%
Magic:  0/12       EV: 16    Int:  6    God:    Wu Jian [****..]
Gold:   1373       SH:  0    Dex: 16    Spells: 12/12 levels left

rFire   + . .        G - +2 scimitar (flame)
rCold   . . .        d - orb {light}
rNeg    + . .        r - +0 ring mail
rPois   +            W - +1 hat
rElec   .            s - +2 ratskin cloak {*Rats rPois rN+ Str-1 Int-1 Dex+1}
rCorr   .            y - +0 pair of gloves
SInv    .            t - +0 pair of boots
Will    +....        U - amulet of guardian spirit
Stlth   +            S - ring of willpower
HPRegen 0.40/turn    e - ring of protection from fire
MPRegen 0.13/turn

%: guardian spirit
@: glowing
A: horns 2, retaliatory headbutt
a: Renounce Religion, Wall Jump, Serpent's Lash


You were in an ice cave.
You worshipped Wu Jian.
Wu Jian was greatly pleased with you.
You visited 3 branches of the dungeon, and saw 16 of its levels.
You also visited: Ice Cave.

You collected 1373 gold pieces.

Inventory:

Hand Weapons
 a - a +1 falchion
 b - a +3 double sword of freezing
 x - a +1 flail of protection
 A - a +1 heavy long sword
 G - a +2 scimitar of flaming (weapon)
Armour
 d - an orb of light (worn)
 r - a +0 ring mail (worn)
 s - the +2 ratskin cloak (worn) {*Rats rPois rN+ Str-1 Int-1 Dex+1}
   (You found it on level 3 of the Dungeon)

   *Rats:     When the wearer is hurt, rats may emerge from it to assist them.
   Str:       It affects your strength (-1).
   Int:       It affects your intelligence (-1).
   Dex:       It affects your dexterity (+1).
   rPois:     It protects you from poison.
   rN:        It protects you from negative energy.
 t - a +0 pair of boots (worn)
 w - a +2 cloak
 y - a +0 pair of gloves (worn)
 C - the +2 ice dragon scales of Disguise {rPois rF- rC++ Will- Regen+ Int-2}
   (You found it on level 7 of the Dungeon)

   Int:       It affects your intelligence (-2).
   rF:        It makes you vulnerable to fire.
   rC:        It greatly protects you from cold.
   rPois:     It protects you from poison.
   Regen:     It increases your rate of health regeneration.
   Will:      It decreases your willpower.
 W - a +1 hat (worn)
Jewellery
 e - a ring of protection from fire (right hand)
 m - a +6 ring of strength
 v - a +6 ring of strength
 N - the ring of Tine {Fire Contam Int+3 Stlth+}
   (You found it on level 9 of the Dungeon)

   [ring of fire]

   It enhances your fire magic.
   Int:       It affects your intelligence (+3).
   rF:        It protects you from fire.
   rC:        It makes you vulnerable to cold.
   Contam:    It causes magical contamination when unequipped.
   Stlth:     It makes you more stealthy.
 S - a ring of willpower (left hand)
 T - a ring of protection from fire
 U - an amulet of guardian spirit (around neck)
Wands
 i - a wand of mindburst (7)
 j - a wand of charming (23)
 q - a wand of light (24)
 D - a wand of flame (20)
 H - a wand of digging (6)
 I - a wand of polymorph (9)
 Z - a wand of iceblast (7)
Scrolls
 f - 11 scrolls of teleportation
 g - 2 scrolls of identify
 h - 5 scrolls of immolation
 n - 5 scrolls of fear
 z - 4 scrolls of fog
 B - 2 scrolls of poison
 J - 3 scrolls of amnesia
 Q - 3 scrolls of enchant weapon
 R - 2 scrolls of blinking
 V - 2 scrolls of noise
 Y - a scroll of torment
Potions
 k - 8 potions of heal wounds
 l - 5 potions of curing
 o - 2 potions of enlightenment
 p - a potion of might
 u - a potion of brilliance
 E - a potion of haste
 F - 2 potions of mutation
 K - 3 potions of lignification
 P - a potion of berserk rage
 X - a potion of degeneration
Miscellaneous
 L - a phantom mirror
 M - a phial of floods
 O - a lightning rod (4/4)


   Skills:
 + Level 13.3 Fighting
 * Level 18.0 Long Blades
 + Level 12.8 Armour
 - Level 10.2 Dodging
 + Level 5.4 Evocations


You had 12 spell levels left.
You didn't know any spells.
Your spell library contained the following spells:

 Spells                   Type           Power      Damage    Failure   Level
 Sandblast                Erth           0%         2d4       58%         1
 Slow                     Hex            0%         N/A       58%         1
 Summon Small Mammal      Summ           0%         N/A       58%         1
 Blink                    Tloc           0%         N/A       75%         2
 Lesser Beckoning         Tloc           0%         N/A       75%         2
 Momentum Strike          Conj/Tloc      0%         3d8       75%         2
 Poisonous Vapours        Pois/Air       0%         N/A       75%         2
 Confusing Touch          Hex            0%         N/A       92%         3
 Gell's Gravitas          Tloc           0%         N/A       92%         3
 Spider Form              Tmut/Pois      0%         N/A       92%         3
 Teleport Other           Tloc           0%         N/A       92%         3
 Tukima's Dance           Hex            0%         N/A       92%         3
 Vampiric Draining        Necr           0%         2d6       92%         3
 Passage of Golubria      Tloc           0%         N/A       100%        4
 Summon Lightning Spire   Summ/Air       0%         N/A       100%        4
 Alistair's Intoxication  Tmut/Pois      0%         N/A       100%        5
 Silence                  Hex/Air        0%         N/A       100%        5
 Summon Forest            Summ/Tloc      0%         N/A       100%        5
 Summon Mana Viper        Hex/Summ       0%         N/A       100%        5
 Yara's Violent Unravell  Hex/Tmut       0%         3d3       100%        5
 Statue Form              Tmut/Erth      0%         N/A       100%        6
 Summon Cactus Giant      Summ           0%         N/A       100%        6
 Malign Gateway           Summ/Tloc      0%         N/A       100%        7
 Lehudib's Crystal Spear  Conj/Erth      0%         10d2      100%        8


Dungeon Overview and Level Annotations

Branches:
Dungeon (10/15)            Temple (1/1) D:5            Lair (5/5) D:8
 Shoals (0/4) Lair:3       Spider (0/4) Lair:2        Slime (0/5) Lair:4
  IceCv (1/1)
    Orc: D:9-12

Altars:
Ashenzari
Cheibriados
Dithmenos
Elyvilon
Fedhas
Gozag
Hepliaklqana
Kikubaaqudgha
Makhleb
Nemelex Xobeh
Okawaru
Qazlal
Ru
Sif Muna
Trog
Uskayaw
Vehumet
Wu Jian
Xom
Yredelemnul
Zin
The Shining One
Jiyva
Lugonu

Shops:
D:8 *

Annotations:
D:4 1 runed translucent door, DivineBovine's ghost, amateur TrEE


Innate Abilities, Weirdness & Mutations

You have a pair of horns on your head.
You reflexively headbutt those who attack you in melee.


Message History

You headbutt the large slime creature, but do no damage.
The large slime creature is heavily wounded.
The large slime creature hits you but does no damage.
Unknown command.
You slice the large slime creature!! You burn the large slime creature.
You headbutt the large slime creature.
The large slime creature is severely wounded.
The large slime creature hits you! The slime creature simulacrum hits you.
The slime creature simulacrum freezes you!
* * * LOW HITPOINT WARNING * * *
Your river rat bites the slime creature simulacrum!
The slime creature simulacrum vaporises!
The Council accepts your kill.
You spin and attack the large slime creature.
You hit the large slime creature. You burn the large slime creature.
The large slime creature is severely wounded.
A large slime creature splits.
Unknown command.
Unknown command.
You spin and attack the slime creature.
You slash the slime creature! You burn the slime creature.
You headbutt the slime creature!
You kill the slime creature!
The Council accepts your kill.
Your river rat barely misses the slime creature.
Unknown command.
Unknown command.
Unknown command.
You slash the slime creature simulacrum!
You melt the slime creature simulacrum!
The slime creature simulacrum is almost destroyed.
The slime creature simulacrum hits you.
* * * LOW HITPOINT WARNING * * *
The slime creature simulacrum freezes you!!
* * * LOW HITPOINT WARNING * * *
You feel much better. The slime creature hits you.
* * * LOW HITPOINT WARNING * * *
The slime creature simulacrum hits you!
* * * LOW HITPOINT WARNING * * *
The slime creature simulacrum freezes you!!
You die...

#..##..#....##..# ##
#..#..##..####..#
.####.##..#...# #..#
..##..#..##..## #..#
∩.....#..##..# ##..#
..##..#...#..##
#°.##
.####.##..##..###r.#
## #..#..##..##JZ.#
#..##.##...#@..#
##..#..#.......#
#..#....#....##
#..##...#....#
##..#...##..##
#..##...##.#
##..##..####
#...##..# ##......#


You could see a slime creature (ally target), a slime creature simulacrum and a
friendly river rat.

Vanquished Creatures
  A quicksilver ooze (IceCv)
  A fire dragon (D:9)
  5 hydras
  A catoblepas (Lair:2)
  A boulder beetle (Lair:4)
  A two-headed ogre (D:9)
  6 death yaks
  Urug (Lair:3)
  The ghost of quinnr the Destroyer, a novice TeAE of Vehumet (D:10)
  An orb spider (Lair:2)
  A skyshark (Lair:4)
  A necromancer (D:9)
  A manticore (D:9)
  2 ice statues (IceCv)
  3 black mambas
  10 slime creatures (IceCv)
  A torpor snail (Lair:1)
  Maurice (D:8)
  7 cane toads
  An eye of devastation (shapeshifter) (D:9)
  4 rime drakes
  Maggie (D:9)
  2 yaktaurs (D:9)
  6 komodo dragons
  A merfolk (Lair:3)
  A troll (D:10)
  A polar bear (Lair:4)
  A hornet (D:8)
  6 blink frogs
  5 wyverns
  A shadow (D:10)
  Grum (D:8)
  25 yaks
  3 basilisks
  An acid dragon (D:10)
  11 water moccasins
  2 orc warriors
  2 black bears
  An ice beast (D:7)
  A sky beast (D:8)
  An ogre (D:6)
  12 wolves
  3 boggarts (D:9)
  5 centaurs
  A phantom (D:6)
  A slime creature simulacrum (IceCv)
  2 kobold brigands
  Blork the orc (D:4)
  A gnoll sergeant (D:10)
  3 scorpions
  11 bullfrogs
  A glowing shapeshifter simulacrum (IceCv)
  12 killer bees
  An electric eel (Lair:5)
  A crimson imp (D:10)
  4 jellies
  3 orc priests (D:6)
  A gnoll bouda (D:9)
  2 hounds
  An iguana (D:5)
  3 sleepcaps
  9 orc wizards
  2 shapeshifter simulacra (IceCv)
  17 gnolls
  5 adders
  2 shadow imps (D:6)
  2 white imps
  An ufetubus (D:6)
  3 worms
  8 dart slugs
  23 orcs
  4 endoplasms
  3 giant cockroaches
  8 goblins
  3 hobgoblins
  6 quokkas
  9 ball pythons
  6 bats
  3 frilled lizards
  18 kobolds
  10 rats
  A butterfly (Lair:4)
336 creatures vanquished.

Vanquished Creatures (collateral kills)
  Gastronok (Lair:2)
  Erica (D:8)
  A death yak (Lair:1)
  A rime drake (Lair:4)
  A blink frog (Lair:2)
  A slime creature (D:9)
  A yak (Lair:4)
  A black bear (D:6)
  An orc warrior (D:8)
  A slime creature simulacrum (IceCv)
10 creatures vanquished.

Grand Total: 346 creatures vanquished

Notes
Turn   | Place    | Note
-------+----------+-------------------------------------------
     0 | D:1      | Vomitron the Minotaur Monk began the quest for the Orb.
     0 | D:1      | Reached XP level 1. HP: 19/19 MP: 0/0
   122 | D:1      | Reached skill level 4 in Long Blades
   122 | D:1      | Reached XP level 2. HP: 24/27 MP: 1/1
   143 | D:1      | Reached skill level 1 in Armour
   374 | D:1      | Reached XP level 3. HP: 32/33 MP: 2/2
   975 | D:2      | Found a stormy altar of Qazlal.
  1239 | D:2      | Reached XP level 4. HP: 38/40 MP: 3/3
  1285 | D:2      | Found a faded altar of an unknown god.
  1628 | D:3      | Reached skill level 5 in Long Blades
  1797 | D:3      | Found the +2 ratskin cloak {*Rats rPois rN+ Str-1 Int-1
                  | Dex+1}
  2199 | D:3      | Found a blossoming altar of Fedhas.
  2239 | D:4      | Reached XP level 5. HP: 30/47 MP: 4/4
  2310 | D:4      | Found a snail-covered altar of Cheibriados.
  2330 | D:4      | Found a hazy altar of Hepliaklqana.
  2332 | D:4      | Found a bloodstained altar of Trog.
  2333 | D:4      | Found a shimmering altar of Xom.
  2342 | D:4      | Found a broken altar of Ashenzari.
  2344 | D:4      | Found a sacrificial altar of Ru.
  2348 | D:4      | Found an iron altar of Okawaru.
  2350 | D:4      | Found a glowing golden altar of the Shining One.
  2532 | D:4      | Noticed Blork the orc
  2541 | D:4      | Killed Blork the orc
  2649 | D:4      | Reached skill level 6 in Long Blades
  2655 | D:4      | Reached XP level 6. HP: 23/55 MP: 5/5
  2659 | D:4      | Reached skill level 5 in Fighting
  2879 | D:4      | Found a runed translucent door.
  2880 | D:4      | Noticed DivineBovine's ghost (amateur TrEE)
  3204 | D:5      | Entered Level 5 of the Dungeon
  3207 | D:5      | Found a shimmering blue altar of Sif Muna.
  3295 | D:5      | Found a staircase to the Ecumenical Temple.
  3326 | Temple   | Entered the Ecumenical Temple
  3510 | D:5      | Reached skill level 7 in Long Blades
  3510 | D:5      | Reached XP level 7. HP: 61/61 MP: 6/6
  3830 | D:5      | Found a sparkling altar of Nemelex Xobeh.
  4086 | D:5      | Found a basalt altar of Yredelemnul.
  4372 | D:5      | Found a white marble altar of Elyvilon.
  4609 | D:6      | Found an ancient bone altar of Kikubaaqudgha.
  4622 | D:6      | Found an ornate altar of the Wu Jian Council.
  4629 | D:6      | Became a worshipper of the Wu Jian Council
  4629 | D:6      | Reached * piety under Wu Jian
  4629 | D:6      | Reached ** piety under Wu Jian
  4647 | D:6      | Reached skill level 5 in Dodging
  4771 | D:6      | Reached skill level 8 in Long Blades
  4775 | D:6      | Reached XP level 8. HP: 68/70 MP: 7/7
  4907 | D:6      | Reached skill level 5 in Armour
  5096 | D:6      | Found an opulent altar of Gozag.
  5194 | D:6      | Reached skill level 9 in Long Blades
  5811 | D:7      | Identified the +2 ice dragon scales of Disguise {rPois rF-
                  | rC++ Will- Regen+ Int-2}
  5884 | D:7      | Identified the +1 ring mail of Happiness {Will+ Dex+3}
  6072 | D:7      | Reached *** piety under Wu Jian
  6074 | D:7      | Reached XP level 9. HP: 69/79 MP: 8/8
  6626 | D:8      | Reached skill level 10 in Long Blades
  6792 | D:8      | Noticed Erica
  6798 | D:8      | Killed Erica
  6799 | D:8      | Reached skill level 11 in Long Blades
  6979 | D:8      | Found Zin's Purification Station.
  6982 | D:8      | Found a glowing silver altar of Zin.
  7031 | D:8      | Got the Spellbook of the Mob and Geology
  7050 | D:8      | Noticed Maurice
  7056 | D:8      | Killed Maurice
  7130 | D:8      | Noticed Grum
  7136 | D:8      | Reached XP level 10. HP: 82/90 MP: 9/9
  7138 | D:8      | Killed Grum
  7143 | D:8      | Reached skill level 12 in Long Blades
  7289 | D:8      | Found a staircase to the Lair.
  7603 | D:9      | Noticed Maggie
  7604 | D:9      | Killed Maggie
  7629 | D:9      | Reached **** piety under Wu Jian
  7802 | D:9      | Noticed a seven-headed hydra
  7804 | D:9      | Killed a three-headed hydra
  7805 | D:9      | Reached skill level 13 in Long Blades
  7912 | D:9      | Noticed a black mamba
  7912 | D:9      | a black mamba changed into an eye of devastation
  7912 | D:9      | Noticed an eye of devastation (shapeshifter)
  7920 | D:9      | Killed an eye of devastation
  8092 | D:9      | Reached XP level 11. HP: 99/99 MP: 10/10
  8096 | D:9      | Reached skill level 10 in Fighting
  8104 | D:9      | Noticed a necromancer
  8107 | D:9      | Killed a necromancer
  8111 | D:9      | Noticed a fire dragon
  8125 | D:9      | Killed a fire dragon
  8132 | D:9      | Got the Incunabulum of Vitiation
  8133 | D:9      | Identified the ring of Tine {Fire Contam Int+3 Stlth+}
  8522 | D:9      | Noticed a two-headed ogre
  8528 | D:9      | Killed a two-headed ogre
  8657 | D:9      | Found a stormy altar of Qazlal.
  8743 | D:10     | Entered Level 10 of the Dungeon
  8745 | D:10     | Found a runed translucent door.
  8745 | D:10     | Noticed quinnr's ghost (novice TeAE)
  8762 | D:10     | Reached skill level 14 in Long Blades
  8798 | D:10     | Found a hide-covered altar of Uskayaw.
  9309 | D:10     | Found a radiant altar of Vehumet.
  9310 | D:10     | Found a burning altar of Makhleb.
  9422 | D:10     | Found a shadowy altar of Dithmenos.
  9781 | D:10     | Killed quinnr's ghost
  9838 | Lair:1   | Entered Level 1 of the Lair of Beasts
  9887 | Lair:1   | Reached skill level 10 in Armour
 10303 | Lair:1   | Identified the +4 ring mail of Pedde {Harm rPois Int+3}
 10568 | Lair:1   | Noticed a death yak
 10578 | Lair:1   | Killed a death yak
 10579 | Lair:1   | Reached skill level 10 in Dodging
 10581 | Lair:1   | Reached skill level 15 in Long Blades
 11071 | Lair:1   | Reached XP level 12. HP: 107/110 MP: 11/11
 11359 | Lair:2   | Noticed Gastronok
 11370 | Lair:2   | Killed Gastronok
 11371 | Lair:2   | Reached skill level 1 in Evocations
 11956 | Lair:2   | Found a hole to the Spider Nest.
 11989 | Lair:2   | Noticed a seven-headed hydra
 11995 | Lair:2   | Killed a one-headed hydra
 12406 | Lair:2   | Noticed a catoblepas
 12416 | Lair:2   | Killed a catoblepas
 12417 | Lair:2   | Reached skill level 16 in Long Blades
 13117 | Lair:3   | Noticed a four-headed hydra
 13123 | Lair:3   | Killed a one-headed hydra
 13123 | Lair:3   | Noticed Urug
 13136 | Lair:3   | Killed Urug
 13282 | Lair:3   | Identified a scroll of acquirement
 13294 | Lair:3   | Acquired 453 gold pieces
 13305 | Lair:3   | Noticed a five-headed hydra
 13308 | Lair:3   | Killed a three-headed hydra
 13405 | Lair:3   | Found a staircase to the Shoals.
 13882 | Lair:4   | Noticed a four-headed hydra
 13888 | Lair:4   | Killed a one-headed hydra
 14029 | Lair:4   | Reached XP level 13. HP: 116/119 MP: 12/12
 14169 | Lair:4   | Reached skill level 17 in Long Blades
 15342 | Lair:4   | Reached ***** piety under Wu Jian
 15549 | Lair:4   | Found a viscous altar of Jiyva.
 15549 | Lair:4   | Found a staircase to the Slime Pits.
 15674 | Lair:5   | Entered Level 5 of the Lair of Beasts
 15678 | Lair:5   | Reached skill level 5 in Evocations
 15732 | Lair:5   | Found a frozen archway.
 15775 | IceCv    | Entered an ice cave
 15796 | IceCv    | Noticed a quicksilver ooze
 15801 | IceCv    | Killed a quicksilver ooze
 16615 | IceCv    | Reached skill level 18 in Long Blades
 16635 | IceCv    | Mangled by a slime creature simulacrum

Illustrated notes

Levels and vault maps discovered:
D:1:      tarquinn_simple_flora_water_e, layout_loops_ring
D:2:      layout_basic, hellmonk_ecumenical_altar_blasted, basic_altar
D:3:      layout_basic, fedhas_altar_4
D:4:      minmay_door_path, layout_rooms, kennysheep_slug_shrine,
          nicolae_overflow_hallway_of_the_gods, gammafunk_ghost_grave,
          uniq_blork_the_orc
D:5:      layout_basic, kennysheep_ying_yang,
          mainiacjoe_overflow_catch_the_wave, minmay_temple_entry_wispy,
          serial_co_window_serial, co_window_corner_a, co_window_paths_a,
          co_window_paths_a, co_window_paths_b, co_window_corner_a,
          co_window_paths_a, co_window_cross_1, co_window_corner_b,
          co_window_corner_b, co_window_paths_c, co_window_corner_cb
D:6:      minmay_skewed_foursquare, layout_basic, kiku_gazebo_pond_becter,
          nzn_wu_jian_contemplation, grunt_gozag_statues,
          nicolae_figureground_pulse
D:7:      layout_basic
D:8:      layout_loops_ring, zin_purify, minmay_lair_entry_grove,
          minmay_crossroads, uniq_grum, uniq_erica, uniq_maurice
D:9:      minmay_sliced_demisemicircle, layout_loops_cross,
          nicolae_qazlal_eye_of_the_storm, uniq_maggie
D:10:     layout_basic, grunt_temple_overflow_lords_of_destruction,
          nicolae_uskayaw_dance_hall, lemuel_coloured_pillars_altar,
          hellmonk_ghost_happy_afterlife, minmay_crystal_room, corner_web_ring
Temple:   nicolae_temple_total_abyssal_victory
Lair:1:   layout_cave_pods, st_stairs_8, serial_bayou_shore_a,
          infiniplex_staircase_pool_2
Lair:2:   layout_cave_pods, nicolae_spider_entry_orb_guardian,
          serial_bayou_shore_b, uniq_gastronok
Lair:3:   layout_cave_shapes, elwin_shoals_entry_rooms, uniq_urug
Lair:4:   layout_gridlike, dpeg_slime_entry_corner, lemuel_another_geyser,
          lemuel_fruit_fields
Lair:5:   evilmike_catoblepas_cave, layout_concentric_octagons,
          portal_ice_cave_rime, infiniplex_staircase_pool, grunt_megastairs_4,
          lemuel_fruit_tree
IceCv:    ice_cave_hellmonk_azure_passage

Skill      XL: |  1  2  3  4  5  6  7  8  9 10 11 12 13 |
---------------+----------------------------------------+-----
Long Blades    | 4 5 6 7 8 9 11 13 15 16 18 | 18.0
Armour         | 1 2 3 4 6 7 9 10 11 12 | 12.8
Fighting       | 4 5 6 7 8 9 11 12 13 | 13.3
Dodging        | 4 5 6 7 8 10 | 10.2
Evocations     | 4 5 |  5.4

Action                     |  1- 3 |  4- 6 |  7- 9 | 10-12 | 13-15 || total
---------------------------+-------+-------+-------+-------+-------++-------
  Melee: Falchion          |    67 |   112 |   120 |       |       ||   299
         Headbutt          |    15 |    26 |    51 |   113 |    87 ||   292
         Long sword        |       |       |    54 |       |       ||    54
         Scimitar          |       |       |    20 |   452 |   272 ||   744
 Invoke: Serpent's Lash    |       |       |     1 |     9 |     5 ||    15
Ability: Lunge             |       |       |    24 |    40 |    22 ||    86
         Whirlwind         |       |       |    27 |    59 |    69 ||   155
         Wall Jump         |       |       |     2 |     8 |       ||    10
  Evoke: Wand              |       |       |       |     3 |     1 ||     4
    Use: Scroll            |       |     8 |     6 |     8 |       ||    22
         Potion            |       |       |       |       |     3 ||     3
   Stab: Distracted        |       |       |       |     1 |       ||     1
 Armour: Robe              |     9 |     2 |       |       |       ||    11
         Ring mail         |       |    32 |    59 |    98 |    48 ||   237
  Dodge: Dodged            |    44 |    68 |   119 |   201 |   106 ||   538

Table legend: (Time is in decaauts)
 A = Elapsed time spent in this place.
 B = Non-inter-level travel time spent in this place.
 C = Inter-level travel time spent in this place.
 D = Time resting spent in this place.
 E = Time spent auto-exploring this place.
 F = Levels seen in this place.
 G = Mean time per level.
                   A        B        C        D        E       F      G
               +--------+--------+--------+--------+--------+-----+--------+
         Total |  16600 |  16050 |    550 |   2569 |  11369 |  17 |  976.5 |
       Dungeon |   9728 |   9346 |    382 |    334 |   7773 |  10 |  972.8 |
        Temple |    115 |    115 |      0 |      0 |     95 |   1 |  115.0 |
          Lair |   5912 |   5745 |    167 |   1685 |   3501 |   5 | 1182.4 |
      Ice Cave |    843 |    843 |      0 |    550 |      0 |   1 |  843.0 |
               +--------+--------+--------+--------+--------+-----+--------+

Top non-repeatable levels by time:
  Lair:2: 1739 daAuts
  Lair:4: 1549 daAuts
  Lair:1: 1492 daAuts
     D:5: 1259 daAuts
     D:6: 1219 daAuts
     D:9: 1140 daAuts
    D:10: 1054 daAuts
     D:8: 1036 daAuts
  Lair:3: 1031 daAuts
     D:4: 979 daAuts
   IceCv: 843 daAuts
     D:7: 808 daAuts
     D:2: 805 daAuts
     D:1: 780 daAuts
     D:3: 645 daAuts
